 Dungeon Crawl Stone Soup version 0.26.1-2-gb8aa6d0cf2 (webtiles) character file.

Game seed: 7313984821288005624

60 jlumianski the Skirmisher (level 3, -1/33 HPs)
             Began as a Palentonga Fighter on Feb 15, 2021.
             Killed by nerve-wracking pain
             ... invoked by an orc priest
              (8 damage)
             ... on level 3 of the Dungeon.
             The game lasted 00:05:08 (1697 turns).

jlumianski the Skirmisher (Palentonga Fighter)      Turns: 1697, Time: 00:05:08

Health: -1/33      AC:  6    Str: 20    XL:     3   Next: 82%
Magic:  3/3        EV:  5    Int:  8    God:
Gold:   29         SH:  8    Dex:  9    Spells: 2/2 levels left

rFire    . . .     SeeInvis +   a - +0 war axe
rCold    . . .     Faith    .   c - +0 kite shield
rNeg     . . .     Spirit   .   b - +0 scale mail
rPois    .         Reflect  .   (no helmet)
rElec    .         Harm     .   (no cloak)
rCorr    .         Rampage  .   (no gloves)
Will     .....                  (no barding)
Stlth    ..........             (no amulet)
HPRegen  0.11/turn              (no ring)
MPRegen  0.08/turn              (no ring)

@: no status effects
A: large, rugged brown scales 3, see invisible, deformed body, roll 1, armoured
tail
a: Rolling Charge


You were on level 3 of the Dungeon.
You visited 1 branch of the dungeon, and saw 3 of its levels.

You collected 29 gold pieces.

Inventory:

Hand Weapons
 a - a +0 war axe (weapon)
 j - a +1 dagger of venom
 k - a +0 flail of protection
 n - a +3 hunting sling
Missiles
 i - 28 poisoned darts (quivered)
 m - 22 stones
Armour
 b - a +0 scale mail (worn)
 c - a +0 kite shield (worn)
Jewellery
 q - an uncursed ring of protection from cold
Wands
 r - a wand of paralysis (10)
Scrolls
 e - a scroll of enchant armour {unknown}
 f - 4 scrolls of identify {unknown}
 g - a scroll of remove curse {unknown}
 h - 2 scrolls of teleportation {unknown}
 l - a scroll of magic mapping {unknown}
Potions
 d - 3 potions of might
 o - a potion of curing {unknown}
 p - a potion of ambrosia {unknown}
 s - a potion of invisibility {unknown}


   Skills:
 + Level 3.3 Fighting
 + Level 3.1 Axes
 + Level 2.7 Armour
 + Level 2.8 Shields


You had 2 spell levels left.
You didn't know any spells.
Your spell library was empty.

Dungeon Overview and Level Annotations

Branches:
Dungeon (3/15)

Altars:


Innate Abilities, Weirdness & Mutations

You are completely covered in rugged brown scales. (AC +3, +7% HP)
You have supernaturally acute eyesight. (SInv)
Armour fits poorly on your strangely shaped body.
You can roll at nearby foes to attack.
You have a long armoured tail.


Message History

The orc hits you with a +0 flail!
The orc priest mumbles some strange prayers to Beogh against you.
Beogh smites you!
Your shield and scale mail prevent you from hitting the orc.
You hit the orc.
You kill the orc!
The orc priest looks satisfied for a moment.
You hit the orc.
The orc is moderately wounded.
The orc hits you with a +0 flail!
* * * LOW HITPOINT WARNING * * *
The orc priest hits you but does no damage.
You barely miss the orc.
The orc is moderately wounded.
You block the orc's attack. You block the orc priest's attack.
You slash the orc!
You kill the orc!
The orc priest invokes the aid of Beogh against you.
Pain shoots through your body!
You die...

###################
#>................#
#.###############.#
#.# #.# #.# #.# #.#
#.# # #<# #.#.# #.#
#.#####...#.## #.#
#..oo)@........ #.#
##########.#### #.#
... #.# ### #.# #.#
#.# #.#


You could see an orc priest and an orc.

Vanquished Creatures
  An adder (D:2)
  An ooze (D:2)
  A dart slug (D:1)
  2 leopard geckos (D:2)
  3 orcs (D:3)
  2 bats (D:1)
  2 giant cockroaches (D:1)
  11 goblins
  3 jackals (D:1)
  3 kobolds
  A quokka (D:2)
  A frilled lizard (D:2)
  8 rats
39 creatures vanquished.

Notes
Turn   | Place    | Note
-------+----------+-------------------------------------------
     0 | D:1      | jlumianski the Palentonga Fighter began the quest for the
                  | Orb.
     0 | D:1      | Reached XP level 1. HP: 20/20 MP: 1/1
    50 | D:2      | Reached XP level 2. HP: 23/27 MP: 2/2
  1006 | D:2      | Reached XP level 3. HP: 28/33 MP: 3/3
  1697 | D:3      | Killed from afar by an orc priest

Illustrated notes

Levels and vault maps discovered:
D:1:      lemuel_arrival_hallway, layout_rooms, st_stairs_7,
          grunt_decor_resistance
D:2:      layout_rooms
D:3:      layout_basic, minivault_26

Skill      XL: |  1  2  3 |
---------------+----------+-----
Axes           | 3 |  3.1
Fighting       | |  3.3
Armour         | |  2.7
Shields        | |  2.8

Action                   || total
-------------------------++-------
Melee: War axe           ||   119
       Tailslap          ||     7
 Fire: Hunting sling     ||     7
 Abil: Rolling Charge    ||    18
Armor: Scale mail        ||    61
Dodge: Dodged            ||    15
Block: Kite shield       ||    49
